 Dungeon Crawl Stone Soup version 0.30-a0-571-gdf30a72648 (webtiles) character file.

Game seed: 16992798592279411636

92071 wormed the Unseen (level 15, 0/82 HPs)
             Began as a Spriggan Hunter on Dec 30, 2022.
             Was the Champion of Okawaru.
             Killed from afar by Azrael (22 damage)
             ... with a fireball
             ... on level 14 of the Dungeon.
             The game lasted 00:35:52 (21280 turns).

wormed the Unseen (Spriggan Hunter)                Turns: 21280, Time: 00:35:52

Health: 0/82       AC:  8    Str: 10    XL:     15   Next: 56%
Magic:  16/16      EV: 43    Int: 12    God:    Okawaru [******]
Gold:   983        SH:  0    Dex: 33    Spells: 14/14 levels left

rFire   . . .      SeeInvis +    J - +9 shortbow (flame)
rCold   . . .      Faith    .    (shield currently unavailable)
rNeg    . . .      Spirit   .    O - +1 steam dragon scales "Dorch" {rElec Will+ Str+3 Dex+2}
rPois   .          Reflect  .    w - +2 hat
rElec   +          Harm     .    H - scarf {repulsion}
rCorr   .          Rampage  .    (gloves unavailable)
Will    +++..                    (boots unavailable)
Stlth   ++++++++                 N - amulet of regeneration
HPRegen 1.13/turn                n - +6 ring of dexterity
MPRegen 0.15/turn                L - +4 ring of slaying

@: repel missiles, very quick
A: very small, no large weapons, unfitting armour, see invisible, speed 3
a: Renounce Religion, Heroism, Finesse, Duel


You were on level 14 of the Dungeon.
You worshipped Okawaru.
Okawaru was exalted by your worship.
You visited 3 branches of the dungeon, and saw 20 of its levels.

You collected 1139 gold pieces.
You spent 156 gold pieces at shops.

Inventory:

Hand Weapons
 J - a +9 shortbow of flaming (weapon)
Missiles
 I - a throwing net
Armour
 w - a +2 hat (worn)
 H - a scarf of repulsion (worn)
 O - the +1 steam dragon scales "Dorch" (worn) {rElec Will+ Str+3 Dex+2}
   (Okawaru gifted it to you on level 12 of the Dungeon)

   Str:       It affects your strength (+3).
   Dex:       It affects your dexterity (+2).
   rElec:     It insulates you from electricity.
   Will:      It increases your willpower.
Jewellery
 c - a ring of willpower
 l - a ring of wizardry
 n - a +6 ring of dexterity (left hand)
 r - a ring of resist corrosion
 y - a ring of poison resistance
 z - a ring of flight
 L - a +4 ring of slaying (right hand)
 N - an amulet of regeneration (around neck)
Wands
 a - a wand of flame (20)
 d - a wand of digging (22)
 v - a wand of polymorph (9)
 K - a wand of paralysis (10)
 M - a wand of iceblast (6)
Scrolls
 b - 5 scrolls of immolation
 f - 2 scrolls of enchant weapon
 h - 2 scrolls of amnesia
 i - 2 scrolls of blinking
 j - 6 scrolls of enchant armour
 m - 4 scrolls of silence
 p - 3 scrolls of poison
 q - a scroll of identify
 s - 2 scrolls of magic mapping
 x - 2 scrolls of teleportation
 A - 2 scrolls of vulnerability
 G - 2 scrolls of fear
 Q - a scroll of brand weapon
Potions
 e - 6 potions of lignification
 g - 9 potions of ambrosia
 k - 5 potions of attraction
 o - 6 potions of might
 t - 4 potions of invisibility
 u - 2 potions of magic
 B - 3 potions of heal wounds
 C - 4 potions of cancellation
 D - 6 potions of mutation
 E - 10 potions of curing
 F - a potion of flight
 P - 2 potions of resistance
 R - a potion of haste {unknown}


   Skills:
 + Level 11.1 Fighting
 - Level 18.0 Ranged Weapons
 + Level 16.7 Dodging
 + Level 19.4 Stealth


You had 14 spell levels left.
You didn't know any spells.
Your spell library contained the following spells:

 Spells                   Type           Power      Damage    Failure   Level
 Kiss of Death            Conj/Necr      0%         2d5       32%         1
 Magic Dart               Conj           0%         1d3       32%         1
 Sublimation of Blood     Necr           0%         N/A       45%         2
 Wereblood                Tmut           0%         N/A       45%         2
 Confusing Touch          Hex            0%         N/A       69%         3
 Frozen Ramparts          Ice            0%         1d1       69%         3
 Inner Flame              Hex/Fire       0%         N/A       69%         3
 Kindle Blastsparks       Fire/Tloc/Air  0%         2d10      69%         3
 Mephitic Cloud           Conj/Pois/Air  0%         N/A       69%         3
 Ozocubu's Armour         Ice            0%         N/A       69%         3
 Vhi's Electric Charge    Tloc/Air       0%         N/A       69%         3
 Dispel Undead            Necr           0%         3d6       97%         4
 Fulminant Prism          Conj/Hex       0%         3d5       97%         4
 Ice Form                 Ice/Tmut       0%         N/A       97%         4
 Iskenderun's Mystic Bla  Conj/Tloc      0%         2d3       97%         4
 Arcjolt                  Conj/Air       0%         1d10      100%        5
 Freezing Cloud           Conj/Ice/Air   0%         6-21      100%        5
 Lee's Rapid Deconstruct  Erth           0%         3d4*      100%        5
 Metabolic Englaciation   Hex/Ice        0%         N/A       100%        5
 Storm Form               Tmut/Air       0%         N/A       100%        7
 Maxwell's Capacitive Co  Air            0%         ∞         100%        8
 Fire Storm               Conj/Fire      0%         5d1       100%        9
 Polar Vortex             Ice            0%         N/A       100%        9
 Call Imp                 Summ           Unusable   N/A       N/A         2
 Summon Ice Beast         Ice/Summ       Unusable   N/A       N/A         4
 Summon Lightning Spire   Summ/Air       Unusable   N/A       N/A         4
 Simulacrum               Ice/Necr       Unusable   N/A       N/A         6
 Summon Hydra             Summ           Unusable   N/A       N/A         7

Dungeon Overview and Level Annotations

Branches:
Dungeon (14/15)            Temple (1/1) D:7            Lair (5/5) D:10
 Shoals (0/4) Lair:3       Spider (0/4) Lair:3        Slime (0/5) Lair:4
    Orc (0/2) D:11         Vaults (0/5) D:13

Altars:
Ashenzari
Cheibriados
Dithmenos
Fedhas
Gozag
Hepliaklqana
Kikubaaqudgha
Makhleb
Nemelex Xobeh
Okawaru
Qazlal
Ru
Uskayaw
Vehumet
Wu Jian
Xom
Yredelemnul
Zin
The Shining One
Jiyva

Shops:
D:3 *   D:7 :   D:12 *

Annotations:
D:14 Azrael
Lair:2 2 transporters, exclusion: ice statue, Jase's ghost, journeyman TeCj


Innate Abilities, Weirdness & Mutations

You are very small and have problems with some larger weapons.
You are too small for most types of armour.
You have supernaturally acute eyesight. (SInv)
You cover ground extremely quickly. (Speed+++)


Message History

The hell hound completely misses you. x2
You shoot an arrow. The arrow hits the hell hound!!
You kill the hell hound!
Okawaru accepts your kill. The hell hound completely misses you.
You shoot an arrow. The arrow hits the hell hound!
The hell hound is moderately wounded.
The hell hound completely misses you.
You shoot an arrow. The arrow hits the hell hound!!
You kill the hell hound!
Okawaru accepts your kill.
You shoot an arrow.
The arrow barely misses the boulder beetle.
The boulder beetle is engulfed in blazing flames.
You shoot an arrow. The arrow hits the boulder beetle!!
The arrow burns the boulder beetle.
The boulder beetle is almost dead.
The boulder beetle completely misses you.
You shoot an arrow. The arrow hits the boulder beetle!!
The arrow burns the boulder beetle.
You kill the boulder beetle!
Okawaru accepts your kill.
Azrael the Boundless Flame comes into view.
He is wielding a +0 scimitar of flaming.
You shoot an arrow. The arrow hits Azrael!!
Azrael is moderately wounded.
You shoot an arrow. The arrow hits Azrael!
Azrael is moderately wounded.
Azrael gestures at you.
The sphere of damnation explodes!
The damnation engulfs you!!
You shoot an arrow. The arrow hits Azrael.
Azrael is moderately wounded.
Azrael gestures at you.
The fireball explodes!
The fireball engulfs you!!!
Ouch! That really hurt!
* * * LOW HITPOINT WARNING * * *
You are too injured to fight recklessly!
You are too injured to fight recklessly!
Azrael gestures at you.
The fireball explodes!
The fireball engulfs you!!
You die...

##+######'####.....##
#....###..#........#
..........#........#
..........#........#
...<......'........#
..........#........+
..........#........#
..........#........#
########+##@.......#
##........ #........
#........ #........
#RE...... °○....###
.○.....# ........#


You could see Azrael and a fire elemental.

Vanquished Creatures
  Gastronok (Lair:2)
  A very ugly thing (D:12)
  A fire dragon (Lair:5)
  A rakshasa (D:13)
  2 catoblepae
  14 hydras
  6 boulder beetles
  2 dancing weapons (D:13)
  4 centaur warriors (D:13)
  20 death yaks
  7 two-headed ogres
  The ghost of bmack86 the Cleaver, a novice MiFi of Okawaru (D:7)
  The ghost of sirboomalot the Carver, a novice OpMo (D:6)
  A lindwurm (Lair:5)
  A deep elf pyromancer (D:12)
  2 deep elf zephyrmancers (D:9)
  3 ugly things
  2 manticores (D:12)
  5 cyclopes
  13 elephants
  A merfolk siren (Lair:3)
  6 black mambas
  2 molten gargoyles (Lair:5)
  2 gargoyles
  14 cane toads
  The ghost of Jase the Slasher, a novice DjGl of Gozag (D:6)
  A torpor snail (Lair:5)
  A freezing wraith (D:14)
  2 rime drakes
  3 unseen horrors (D:12)
  2 kobold demonologists (D:12)
  16 komodo dragons
  3 meliai (D:14)
  10 trolls
  7 polar bears
  A queen bee (Lair:2)
  11 slime creatures (D:12)
  6 dream sheep (Lair:5)
  12 blink frogs
  2 shadows (D:11)
  7 wyverns
  52 yaks
  A wraith (D:12)
  4 basilisks (Lair:5)
  A fire elemental (D:14)
  4 redbacks (Lair:3)
  Grum (D:9)
  A steam dragon (Lair:5)
  10 vampire mosquitoes
  A two-headed ogre zombie (D:11)
  4 acid dragons
  13 water moccasins
  7 hell hounds
  3 black bears
  A swamp drake (D:9)
  4 ice beasts
  3 orc warriors
  4 sky beasts
  7 wolves
  9 centaurs
  3 ogres
  2 phantoms
  A kobold brigand (D:6)
  Blork the orc (D:9)
  8 bullfrogs
  A necrophage (D:4)
  A scorpion (D:6)
  24 wights
  A hornet simulacrum (D:7)
  A troll zombie (D:11)
  36 killer bees
  2 howler monkeys (D:10)
  A vampire bat (D:3)
  An electric eel (D:10)
  A crimson imp (D:9)
  4 lava snakes (Lair:5)
  3 hounds
  6 orc priests
  2 jellies
  An iron imp (D:9)
  Natasha (thrice) (D:4)
  2 iguanas
  12 orc wizards
  6 ogre zombies (D:11)
  Robin (D:4)
  9 adders
  8 gnolls
  2 shadow imps
  5 white imps
  A howler monkey simulacrum (D:7)
  2 ufetubi
  2 dart slugs
  30 orcs
  A bat zombie (D:8)
  10 endoplasms
  5 giant cockroaches
  13 goblins
  11 hobgoblins
  4 kobolds
  6 quokkas
  3 ball pythons
  8 bats
  A frilled lizard (D:1)
  2 goblin skeletons (D:11)
  2 goblin zombies (D:11)
  2 hobgoblin skeletons (D:11)
  2 hobgoblin zombies (D:11)
  4 orc skeletons (D:11)
  12 orc zombies (D:11)
  6 rats
  A rat zombie (D:8)
604 creatures vanquished.

Vanquished Creatures (others)
  An orc (D:9)
  23 fungi
  16 plants
40 creatures vanquished.

Grand Total: 644 creatures vanquished

Notes
Turn   | Place    | Note
-------+----------+-------------------------------------------
     0 | D:1      | wormed the Spriggan Hunter began the quest for the Orb.
     0 | D:1      | Reached XP level 1. HP: 10/10 MP: 2/2
   224 | D:1      | Reached skill level 2 in Stealth
   342 | D:1      | Reached XP level 2. HP: 15/15 MP: 3/3
   542 | D:1      | Found a shimmering altar of Xom.
   588 | D:2      | Reached XP level 3. HP: 18/18 MP: 4/4
   699 | D:2      | Found a faded altar of an unknown god.
   869 | D:2      | Reached skill level 3 in Stealth
  1104 | D:3      | Reached XP level 4. HP: 23/23 MP: 5/5
  1116 | D:3      | Found Xigiwoum's General Store.
  1142 | D:3      | Found a radiant altar of Vehumet.
  1264 | D:3      | Noticed a necrophage
  1329 | D:4      | Noticed an ogre
  1421 | D:4      | Noticed Robin
  1438 | D:4      | Killed Robin
  1439 | D:4      | Reached skill level 5 in Ranged Weapons
  1471 | D:4      | Reached XP level 5. HP: 21/26 MP: 6/6
  1574 | D:4      | Noticed a sky beast
  1659 | D:4      | Killed a sky beast
  1660 | D:4      | Reached skill level 4 in Stealth
  1711 | D:4      | Found a shimmering altar of Xom.
  1714 | D:4      | Found a hazy altar of Hepliaklqana.
  1808 | D:4      | Noticed Natasha
  1814 | D:5      | Entered Level 5 of the Dungeon
  1934 | D:3      | Reached XP level 6. HP: 32/32 MP: 7/7
  2487 | D:4      | Killed Natasha
  2591 | D:4      | Reached skill level 5 in Stealth
  2594 | D:4      | Reached skill level 5 in Dodging
  2637 | D:4      | Noticed Natasha
  2640 | D:4      | Killed Natasha
  2641 | D:4      | Reached XP level 7. HP: 32/36 MP: 8/8
  2725 | D:4      | Noticed Natasha
  2740 | D:4      | Killed Natasha
  3753 | D:5      | Reached skill level 6 in Stealth
  4227 | D:5      | Reached XP level 8. HP: 37/42 MP: 9/9
  4422 | D:5      | Reached skill level 7 in Stealth
  4716 | D:6      | Noticed Maggie
  4736 | D:6      | Maggie changed into Maggie the wyvern
  4736 | D:6      | Noticed Maggie
  4769 | D:6      | Killed Maggie the wyvern
  5151 | D:6      | Found a runed translucent gate.
  5152 | D:6      | Found a runed translucent gate.
  5153 | D:6      | Found a runed translucent gate.
  5154 | D:6      | Noticed Jase's ghost (novice DjGl)
  5156 | D:6      | Noticed sirboomalot's ghost (novice OpMo)
  5165 | D:6      | Found an ornate altar of the Wu Jian Council.
  5325 | D:6      | Reached skill level 8 in Stealth
  5539 | D:6      | Reached XP level 9. HP: 46/46 MP: 10/10
  5954 | D:6      | Found a shadowy altar of Dithmenos.
  5957 | D:6      | Found a sparkling altar of Nemelex Xobeh.
  6376 | D:7      | Found a runed translucent gate.
  6376 | D:7      | Found a runed translucent gate.
  6376 | D:7      | Found a runed translucent gate.
  6410 | D:7      | Noticed bmack86's ghost (novice MiFi)
  6443 | D:7      | Found a staircase to the Ecumenical Temple.
  6472 | Temple   | Entered the Ecumenical Temple
  6472 | Temple   | Found a transporter.
  6472 | Temple   | Found a transporter.
  6474 | Temple   | Found a transporter.
  6474 | Temple   | Found a transporter.
  6533 | Temple   | Became a worshipper of Warmaster Okawaru
  6805 | D:7      | Reached skill level 9 in Stealth
  6868 | D:7      | Found Wekuomar's Self-Improvement Boutique.
  7198 | D:7      | Reached skill level 5 in Fighting
  7318 | D:8      | Noticed a gargoyle
  7649 | D:6      | Killed sirboomalot's ghost
  7649 | D:6      | Reached * piety under Okawaru
  7653 | D:6      | Killed Jase's ghost
  7920 | D:7      | Reached skill level 10 in Stealth
  7923 | D:7      | Reached ** piety under Okawaru
  7985 | D:7      | Reached skill level 10 in Ranged Weapons
  8177 | D:7      | Killed bmack86's ghost
  8178 | D:7      | Reached XP level 10. HP: 53/53 MP: 11/11
  8226 | D:7      | Got the ring "Naniser" {Fire Str+2}
  8380 | D:8      | Killed a gargoyle
  8866 | D:8      | Noticed a two-headed ogre
  8898 | D:8      | Killed a two-headed ogre
  8898 | D:8      | Reached *** piety under Okawaru
  8899 | D:8      | Reached skill level 11 in Stealth
  9083 | D:8      | Noticed a two-headed ogre
  9105 | D:8      | Killed a two-headed ogre
  9105 | D:8      | Reached **** piety under Okawaru
  9106 | D:8      | Reached skill level 10 in Dodging
  9136 | D:8      | Found an ancient bone altar of Kikubaaqudgha.
  9544 | D:8      | Got the Guide on Frigorific Heat
 10279 | D:9      | Reached XP level 11. HP: 58/58 MP: 12/12
 10291 | D:9      | Reached skill level 12 in Stealth
 10297 | D:9      | Reached ***** piety under Okawaru
 10420 | D:9      | Received a gift from Okawaru
 10556 | D:9      | Noticed Blork the orc
 10582 | D:9      | Killed Blork the orc
 10615 | D:9      | Noticed Grum
 10629 | D:9      | Killed Grum
 10652 | D:9      | Noticed a deep elf zephyrmancer
 10657 | D:9      | Killed a deep elf zephyrmancer
 10662 | D:9      | Noticed a deep elf zephyrmancer
 10668 | D:9      | Killed a deep elf zephyrmancer
 10668 | D:9      | Identified the +1 robe "Amaihuops" {Int+4} (Okawaru gifted
                  | it to you on level 9 of the Dungeon)
 10668 | D:9      | Received a gift from Okawaru
 10943 | D:10     | Entered Level 10 of the Dungeon
 11122 | D:10     | Found a broken altar of Ashenzari.
 11155 | D:10     | Noticed a death yak
 11182 | D:10     | Killed a death yak
 11183 | D:10     | Reached skill level 13 in Stealth
 11402 | D:10     | Found a staircase to the Lair.
 11736 | Lair:1   | Entered Level 1 of the Lair of Beasts
 11750 | Lair:1   | Noticed a boulder beetle
 11881 | D:11     | Reached XP level 12. HP: 39/63 MP: 13/13
 12042 | D:11     | Noticed a boulder beetle
 12071 | D:11     | Killed a boulder beetle
 12072 | D:11     | Reached skill level 14 in Stealth
 12216 | D:11     | Noticed a boulder beetle
 12246 | D:11     | Found a staircase to the Orcish Mines.
 12316 | D:11     | Noticed a two-headed ogre
 12331 | D:11     | Killed a two-headed ogre
 12511 | D:11     | Killed a boulder beetle
 12588 | D:11     | Received a gift from Okawaru
 12837 | D:12     | Found Midoa's CLEARANCE SALE!.
 12848 | D:12     | Bought a scroll of acquirement for 156 gold pieces
 12851 | D:12     | Acquired the ring of Beogh's Whim {rElec MP+9}
 13449 | D:12     | Reached skill level 15 in Stealth
 13531 | D:12     | Reached ****** piety under Okawaru
 13885 | D:12     | Reached XP level 13. HP: 65/69 MP: 14/14
 13936 | D:12     | Noticed a brown very ugly thing
 14168 | D:12     | Killed a brown very ugly thing
 14168 | D:12     | Identified the +1 steam dragon scales "Dorch" {rElec Will+
                  | Str+3 Dex+2} (Okawaru gifted it to you on level 12 of the
                  | Dungeon)
 14168 | D:12     | Received a gift from Okawaru
 14561 | Lair:1   | Reached skill level 15 in Ranged Weapons
 14694 | Lair:1   | Reached skill level 16 in Stealth
 15365 | Lair:2   | Noticed Gastronok
 15378 | Lair:2   | Killed Gastronok
 15727 | Lair:2   | Found a transporter.
 15782 | Lair:2   | Noticed Jase's ghost (journeyman TeCj)
 15814 | Lair:2   | Received a gift from Okawaru
 16150 | Lair:2   | Found a transporter.
 16637 | Lair:3   | Reached XP level 14. HP: 56/75 MP: 15/15
 16811 | Lair:3   | Reached skill level 17 in Stealth
 17048 | Lair:3   | Identified the +1 scale mail of Valiance {Will+ Stlth+}
 17094 | Lair:3   | Found a hole to the Spider Nest.
 17154 | Lair:3   | Found a staircase to the Shoals.
 17665 | Lair:4   | Found a runed translucent door.
 17665 | Lair:4   | Found a viscous altar of Jiyva.
 17668 | Lair:4   | Found a staircase to the Slime Pits.
 17694 | Lair:4   | Reached skill level 15 in Dodging
 17812 | Lair:4   | Reached skill level 10 in Fighting
 17818 | Lair:4   | Identified the +1 storm dragon scales "Unge Gumu" {rElec
                  | rF++ rC+} (Okawaru gifted it to you on level 4 of the Lair
                  | of Beasts)
 17818 | Lair:4   | Received a gift from Okawaru
 18239 | Lair:4   | Reached skill level 18 in Stealth
 18682 | Lair:5   | Entered Level 5 of the Lair of Beasts
 19045 | Lair:5   | Reached XP level 15. HP: 76/81 MP: 16/16
 19084 | Lair:5   | Identified the +1 robe of a bazaar {-Tele Int+6 Dex+5}
                  | (Okawaru gifted it to you on level 5 of the Lair of Beasts)
 19084 | Lair:5   | Received a gift from Okawaru
 19160 | Lair:5   | Found a large runed translucent door.
 19193 | Lair:5   | Found a large runed translucent door.
 20501 | D:13     | Reached skill level 19 in Stealth
 20691 | D:13     | Found a gate to the Vaults.
 21070 | D:13     | Identified the +6 broad axe "Pudugh" {freeze, rF+++ Int+4
                  | Dex-5} (Okawaru gifted it to you on level 13 of the
                  | Dungeon)
 21070 | D:13     | Received a gift from Okawaru
 21273 | D:14     | Noticed Azrael
 21280 | D:14     | Killed from afar by Azrael

Illustrated notes

Levels and vault maps discovered:
D:1:      dpeg_arrival_water_altar, layout_basic, kennysheep_another_room
D:2:      layout_basic, dreamdust_ecumenical_altar_statues,
          chequers_decorated_corner, minmay_tromino_v4_b
D:3:      layout_basic, vehumet_crystals, serial_shops, nicolae_lakefront_shop,
          roderic_batcave
D:4:      layout_loops_ring, nicolae_overflow_hidden_temple,
          serial_bayou_pond_e, uniq_natasha, uniq_robin
D:5:      layout_cave_pools
D:6:      layout_cave_pods, nzn_wu_jian_council_hall, minitemple,
          gammafunk_ghost_cemetery, uniq_maggie
D:7:      layout_loops_ring, minmay_temple_entry_crystal_x, gammafunk_ghost_icy,
          nicolae_shop_self_help
D:8:      layout_rooms, lemuel_zombie_altar_kikubaaqudgha,
          serial_co_window_serial, co_window_cross_1, co_window_paths_b,
          co_window_cross_1, co_window_paths_b, co_window_paths_a,
          co_window_of_opportunity_c, co_window_unsneaky_path_e,
          co_window_of_opportunity_b, co_window_corner_cb,
          co_window_of_opportunity_b, co_window_2corner, co_window_paths_d,
          glass_columns_c
D:9:      layout_roguey, hangedman_minor_magic, uniq_grum
D:10:     argonaut_augean_stables, layout_rooms, ashenzari_conservatory_becter,
          david_lair_generic
D:11:     layout_roguey, zombieorc2_lemuel, gauntlet_entry_generic,
          feat_on_display
D:12:     kennysheep_windowed_halls, layout_small_grid, nicolae_shop_clearance
D:13:     layout_long_grid, erik_vaults_1
D:14:     layout_gridville, good_gods_temple_1, st_stairs_6, uniq_azrael
Temple:   hellmonk_temple_divided_pantheon
Lair:1:   layout_hall_layers, serial_bayou_shore_b
Lair:2:   layout_small_grid, special_room [special_room_bee], nzn_ghost_randoct,
          cheibrodos_lair_lostbears, infiniplex_staircase_pool, uniq_gastronok
Lair:3:   layout_loops_ring, minmay_shoals_entry_lonely_mermaid,
          spider_nest_entry_webs
Lair:4:   layout_gridlike, slime_entry_2, minmay_shattered_shrine,
          grunt_megastairs_1
Lair:5:   cheibrodos_lair_end_hotspot, layout_cellular_growth

Skill      XL: |  1  2  3  4  5  6  7  8  9 10 11 12 13 14 15 |
---------------+----------------------------------------------+-----
Stealth        | 2 3 4 5 6 8 10 11 13 15 16 18 19 | 19.4
Dodging        | 3 4 5 6 7 9 10 11 13 14 15 16 | 16.7
Fighting       | 2 3 4 5 6 7 8 9 10 11 | 11.1
Ranged Weapons | 5 6 7 8 10 11 13 14 16 17 18 | 18.0

Action                   |  1- 3 |  4- 6 |  7- 9 | 10-12 | 13-15 || total
-------------------------+-------+-------+-------+-------+-------++-------
Melee: Shortbow          |       |     2 |       |       |       ||     2
 Fire: Shortbow          |    66 |   178 |   486 |   382 |  1014 ||  2126
       Arbalest          |       |       |       |   410 |       ||   410
Evoke: Wand              |       |       |     4 |       |       ||     4
  Use: Potion            |       |     1 |     1 |       |     1 ||     3
       Scroll            |       |       |     7 |    15 |     6 ||    28
Armor: Robe              |     3 |    10 |    14 |     8 |       ||    35
       Steam dragon scal |       |       |       |       |    37 ||    37
Dodge: Dodged            |    16 |    84 |   210 |   361 |   468 ||  1139
       Repelled          |       |       |       |     5 |     3 ||     8

Table legend: (Time is in decaauts)
 A = Elapsed time spent in this place.
 B = Non-inter-level travel time spent in this place.
 C = Inter-level travel time spent in this place.
 D = Time resting spent in this place.
 E = Time spent auto-exploring this place.
 F = Levels seen in this place.
 G = Mean time per level.
                   A        B        C        D        E       F      G
               +--------+--------+--------+--------+--------+-----+--------+
         Total |  14901 |  13775 |   1126 |    404 |   8893 |  20 |  745.0 |
       Dungeon |  11093 |  10167 |    926 |    357 |   6333 |  14 |  792.4 |
        Temple |     51 |     43 |      8 |      0 |      0 |   1 |   51.0 |
          Lair |   3756 |   3565 |    191 |     47 |   2560 |   5 |  751.2 |
               +--------+--------+--------+--------+--------+-----+--------+

Top non-repeatable levels by time:
     D:4: 1688 daAuts
     D:6: 1435 daAuts
     D:8: 1168 daAuts
    D:12: 1105 daAuts
     D:7: 1027 daAuts
  Lair:5: 917 daAuts
  Lair:4: 861 daAuts
    D:11: 845 daAuts
  Lair:2: 834 daAuts
    D:10: 748 daAuts
     D:9: 715 daAuts
     D:5: 585 daAuts
  Lair:1: 578 daAuts
  Lair:3: 564 daAuts
     D:3: 498 daAuts
